 Dungeon Crawl Stone Soup version 0.30-a0-1075-gcd70e7a56d (webtiles) character file.

Game seed: 13348893001294348963

7 jasper the Stinger (level 1, 0/9 HPs)
             Began as a Spriggan Venom Mage on Apr 14, 2023.
             Killed from afar by Natasha (9 damage)
             ... with a magic dart
             ... on level 2 of the Dungeon.
             The game lasted 00:00:45 (284 turns).

jasper the Stinger (Spriggan Venom Mage)             Turns: 284, Time: 00:00:46

Health: 0/9        AC:  2    Str:  4    XL:     1   Next: 83%
Magic:  4/5        EV: 17    Int: 16    God:
Gold:   23         SH:  0    Dex: 15    Spells: 4/5 levels left

rFire   . . .      SeeInvis +    e - +0 dagger (venom)
rCold   . . .      Faith    .    (no shield)
rNeg    . . .      Spirit   .    a - +0 robe
rPois   .          Reflect  .    (helmet restricted)
rElec   .          Rampage  .    (no cloak)
rCorr   .                        (gloves unavailable)
Will    .....                    (boots unavailable)
Stlth   ++                       (no amulet)
HPRegen 0.21/turn                (no ring)
MPRegen 0.09/turn                (no ring)

@: very quick
A: very small, no large weapons, unfitting armour, see invisible, speed 3
a: no special abilities


You were on level 2 of the Dungeon.
You visited 1 branch of the dungeon, and saw 2 of its levels.

You collected 23 gold pieces.

Inventory:

Hand Weapons
 e - a +0 dagger of venom (weapon)
Armour
 a - a +0 robe (worn)
Scrolls
 c - 2 scrolls of identify {unknown}
 d - a scroll of teleportation {unknown}
Potions
 b - a potion of magic


   Skills:
 - Level 2.6 Dodging
 - Level 3.0 Stealth
 - Level 2.6 Spellcasting
 - Level 1.3 Transmutations
 + Level 3.5 Poison Magic


You had 4 spell levels left.
You knew the following spells:

 Your Spells              Type           Power      Damage    Failure   Level
a - Sting                 Tmut/Pois      36%        1d4       7%          1

Your spell library contained the following spells:

 Spells                   Type           Power      Damage    Failure   Level
 Poisonous Vapours        Pois/Air       14%        N/A       14%         2
 Mephitic Cloud           Conj/Pois/Air  5%         N/A       34%         3
 Olgreb's Toxic Radiance  Pois           13%        N/A       41%         4


Dungeon Overview and Level Annotations

Branches:
Dungeon (1/15)

Altars:

Annotations:
D:2 Natasha


Innate Abilities, Weirdness & Mutations

You are very small and have problems with some larger weapons.
You are too small for most types of armour.
You have supernaturally acute eyesight. (SInv)
You cover ground extremely quickly. (Speed+++)


Message History

The shaft crumbles and collapses.
MP restored: 5 You open the door.
A goblin comes into view. It is wielding a +0 dagger of venom.
Aiming: Sting (safe; 8% risk of failure)
Press: ? - help, Q - select action Shift-Dir - straight line, f - goblin
Aim: a goblin, wielding a +0 dagger of venom (asleep, 100% to hit)
The sting hits the goblin.
The goblin is poisoned.
You kill the goblin!
You now have 4/5 mp.
A bat comes into view.
There is an open door here.
Found a stone staircase leading down.
You see here a +0 dagger of venom.
e - a +0 dagger of venom Your +0 dagger of venom begins to drip with poison!
e - a +0 dagger of venom (weapon)
Found a stone staircase leading up.
The helpless bat fails to defend itself.
You puncture the bat!
You kill the bat!
Magic restored.
Natasha, Servant of Life and Death comes into view.
MP restored: 5 Natasha hisses angrily.
A worm comes into view.
Aiming: Sting (safe; 7% risk of failure)
Press: ? - help, Q - select action Shift-Dir - straight line, f - Natasha
Aim: Natasha (60% to hit)
The sting hits Natasha.
Natasha is poisoned.
Natasha is lightly wounded.
You now have 4/5 mp.
Aiming: Sting (safe; 7% risk of failure)
Press: ? - help, Q - select action Shift-Dir - straight line, f - you That beam is likely to hit you.
Continue anyway?
Okay, then.
Natasha casts a spell at you. The magic dart hits you!
Ouch! That really hurt!
You die...

..... .... ... ...
#.# #######.#
..#.#.#.#.#.#
.......@....##
.w#.#h#.#.#..### #
#####...>#
#######..#.##.# #
#.....†......<.
#.##+####.#.#.##.#
##........#........
..........##.#.##.#
#................ #


You could see a worm and Natasha (poisoned).

Vanquished Creatures
  A bat (D:2)
  An endoplasm (D:1)
  A giant cockroach (D:1)
  2 goblins
  A rat (D:1)
6 creatures vanquished.

Notes
Turn   | Place    | Note
-------+----------+-------------------------------------------
     0 | D:1      | jasper the Spriggan Venom Mage began the quest for the Orb.
     0 | D:1      | Reached XP level 1. HP: 9/9 MP: 5/5
   255 | D:1      | You fall into a shaft and drop 1 floor!
   280 | D:2      | Noticed Natasha
   284 | D:2      | Killed from afar by Natasha

Illustrated notes

Levels and vault maps discovered:
D:1:      dpeg_arrival_court, layout_basic, serial_curves, eino_curves_04,
          eino_curves_03, eino_curves_03, eino_curves_03, serial_shops,
          nicolae_shop_temple_entry_statues_fountains
D:2:      layout_basic, kennysheep_donut, minmay_misc_feat_hallway, uniq_natasha

Action                     || total
---------------------------++-------
  Melee: Dagger            ||     1
   Cast: Sting             ||     7
   Stab: Sleeping          ||     1

Table legend: (Time is in decaauts)
 A = Elapsed time spent in this place.
 B = Non-inter-level travel time spent in this place.
 C = Inter-level travel time spent in this place.
 D = Time resting spent in this place.
 E = Time spent auto-exploring this place.
 F = Levels seen in this place.
 G = Mean time per level.
                   A        B        C        D        E       F      G
               +--------+--------+--------+--------+--------+-----+--------+
         Total |    200 |    200 |      0 |      0 |    164 |   2 |  100.0 |
       Dungeon |    200 |    200 |      0 |      0 |    164 |   2 |  100.0 |
               +--------+--------+--------+--------+--------+-----+--------+

Top non-repeatable levels by time:
     D:1: 180 daAuts
     D:2: 20 daAuts
